 Dungeon Crawl Stone Soup version 0.23-a0-619-g281719c (console) character file.

39 Duffy the Shield-Bearer (level 3, 0/34 HPs)
             Began as a Naga Fighter on Dec 22, 2018.
             Slain by an orc
             ... wielding a +0 club
              (5 damage)
             ... on level 3 of the Dungeon.
             The game lasted 00:00:32 (477 turns).

Duffy the Shield-Bearer (Naga Fighter)               Turns: 477, Time: 00:00:33

Health: 0/34       AC:  4    Str: 18    XL:     3   Next: 47%
Magic:  3/3        EV:  5    Int:  9    God:
Gold:   0          SH:  8    Dex: 10    Spells: 2/2 levels left

rFire    . . .     SeeInvis +   a - +0 war axe
rCold    . . .     Gourm    .   c - +0 shield
rNeg     . . .     Faith    .   b - +0 scale mail
rPois    +         Spirit   .   (no helmet)
rElec    .         Reflect  .   (no cloak)
rCorr    .         Harm     .   (no gloves)
MR       .....                  (no barding)
Stlth    ..........             (no amulet)
HPRegen  0.11/turn              (no ring)
MPRegen  0.08/turn              (no ring)

@: short of breath, very slow
A: large, see invisible, deformed body, poison resistance, slowness 2, slow
metabolism 1, spit poison 1, AC +1
a: Spit Poison


You were on level 3 of the Dungeon.
You were not hungry.

You visited 1 branch of the dungeon, and saw 3 of its levels.

Inventory:

Hand Weapons
 a - a +0 war axe (weapon)
Armour
 b - a +0 scale mail (worn)
 c - a +0 shield (worn)
Scrolls
 h - a scroll of noise {unknown}
Potions
 d - a potion of might
 e - 2 potions of mutation {unknown}
Comestibles
 f - 3 rations


   Skills:
 - Level 3.0 Fighting
 + Level 3.0 Axes
 - Level 2.4 Armour
 + Level 3.1 Shields


You had 2 spell levels left.
You didn't know any spells.
Your spell library was empty.

Dungeon Overview and Level Annotations

Branches:
Dungeon (3/15)

Altars:


Innate Abilities, Weirdness & Mutations

You cannot wear boots.
Your serpentine skin is tough. (AC +1)
You have supernaturally acute eyesight. (SInv)
Armour fits poorly on your strangely shaped body.
Your system is resistant to poisons. (rPois)
You cover ground very slowly.
You have a slow metabolism.
You can spit poison.


Message History

You block the orc's attack.
A hobgoblin comes into view. It is wielding a +0 club.
Press: ? - help, Shift-Dir - straight line, f/p - orc wizard
Aim: an orc wizard, wielding a +0 dagger and wearing a +0 robe (severely The splash of poison hits the orc wizard.
The orc wizard looks even sicker.
You kill the orc wizard!
Your Axes skill increases to level 3!
Your Shields skill increases to level 3!
You have reached level 3!
Your experience leads to an increase in your attributes!
Increase (S)trength, (I)ntelligence, or (D)exterity?
You feel clever.
Your skin feels tougher.
You feel slightly more hungry. The orc hits you with a +0 club.
You block the orc's attack.
You hit the orc.
The orc is severely wounded.
You hit the orc. You block the hobgoblin's attack.
The orc hits you with a +0 club.
You die...

#......##...#.#####
#......##.###.# #
#.......#.# #.# #
#.....#.#.###.# #
#.....#.......# #
##.....##.##.....#
'.....'..# .#.#.# ##
#o....#...#.# #
#.#..###@..).#.#)#.#
#.....So######.....#
..#.###g# ####.##
....b.....o...# ..
.....g...o0..o# #.#
..............# .#
...#........### ..
#........# .
#........#


You could see an adder, 2 orcs and 2 hobgoblins.

Vanquished Creatures
  An orc wizard (D:3)
  An orc (D:3)
  2 bats (D:3)
  2 giant cockroaches (D:2)
  3 frilled lizards
  A kobold (D:2)
10 creatures vanquished.

Notes
Turn   | Place    | Note
-------+----------+-------------------------------------------
     0 | D:1      | Duffy the Naga Fighter began the quest for the Orb.
     0 | D:1      | Reached XP level 1. HP: 21/21 MP: 1/1
   435 | D:3      | Reached XP level 2. HP: 25/28 MP: 2/2
   476 | D:3      | Reached XP level 3. HP: 7/34 MP: 3/3
   477 | D:3      | Slain by an orc

Vault maps used:
D:1:      ebering_trefoil_twist
D:2:      zin_academy, minmay_domino_2
D:3:      first_ration

Skill      XL: |  1  2 |
---------------+-------+-----
Axes           | 3 |  3.0
Shields        | 3 |  3.1
Fighting       | |  3.0
Armour         | |  2.4

Action                   || total
-------------------------++-------
Melee: War axe           ||    39
 Abil: Spit Poison       ||     3
Armor: Scale mail        ||    20
Dodge: Dodged            ||    12
Block: Shield            ||    26

Table legend:
 A = Non-vault XP
 B = Vault XP
 C = Vault XP percentage of total XP
 D = Non-vault monster count
 E = Vault monster count
 F = Vault count percentage of total count
                 A         B        C        D         E       F
            +---------+---------+-------+---------+---------+-------
      Total |      57 |       0 |   0.0 |      10 |       0 |   0.0
            +---------+---------+-------+---------+---------+-------
        D:2 |       6 |       0 |   0.0 |       4 |       0 |   0.0
        D:3 |      51 |       0 |   0.0 |       6 |       0 |   0.0
            +---------+---------+-------+---------+---------+-------
